 Dungeon Crawl Stone Soup version 0.19.5 (webtiles) character file.

5548 IcySystem the Thaumaturge (level 10, -8/44 HPs)
             Began as a Spriggan Enchanter on May 23, 2017.
             Mangled by a hornet (9 damage)
             ... while paralysed by a hornet
             ... on level 7 of the Dungeon.
             The game lasted 01:13:17 (15177 turns).

IcySystem the Thaumaturge (Spriggan Enchanter)     Turns: 15177, Time: 01:13:19

Health: -8/44      AC:  3    Str:  6    XL:     10   Next: 44%
Magic:  28/28      EV:  4    Int: 17    God:
Gold:   369        SH:  0    Dex: 20    Spells: 3 memorised, 28 levels left

rFire  + . .     SeeInvis +     r - +2 dagger (venom)
rCold  . . .     Gourm    .     I - +0 robe of the Orb Guardian {MR++ Str+2 Slay+3}
rNeg   . . .     Faith    .     (shield restricted)
rPois  .         Spirit   .     (helmet restricted)
rElec  .         Reflect  +     F - +0 cloak (curse)
rCorr  .         Harm     .     (gloves unavailable)
MR     +++..                    (boots unavailable)
Stlth  +++++.....               p - +6 amulet of reflection
                                (no ring)
                                D - ring of protection from fire

@: paralysed, lethally poisoned (-8 -> -9), marked, very quick
A: unfitting armour, see invisible, herbivore 3, speed 3, slow metabolism 2
a: no special abilities


You were on level 7 of the Dungeon.
You were not hungry.

You visited 2 branches of the dungeon, and saw 10 of its levels.

You collected 369 gold pieces.

Inventory:

Hand Weapons
 a - a +1 dagger
 r - a +2 dagger of venom (weapon)
Armour
 n - a +1 robe of cold resistance
 s - a +1 robe of magic resistance
 F - a cursed +0 cloak (worn)
 I - the +0 robe of the Orb Guardian (worn) {MR++ Str+2 Slay+3}
   (You found it on level 7 of the Dungeon)

   It affects your strength (+2).
   It affects your accuracy and damage with ranged weapons and melee attacks
   (+3).
   It affects your resistance to hostile enchantments.
Jewellery
 p - a +6 amulet of reflection (around neck)
 D - a ring of protection from fire (left hand)
Wands
 u - a wand of lightning (14/15)
 C - a wand of lightning (3/15)
 G - a wand of random effects (33/48)
Scrolls
 e - 5 scrolls of identify
 h - 2 scrolls of magic mapping {unknown}
 i - 3 scrolls of amnesia {unknown}
 j - 3 scrolls of teleportation {unknown}
 t - 4 scrolls of remove curse {unknown}
 v - a scroll of vulnerability {unknown}
 w - 2 scrolls of enchant weapon {unknown}
 y - 2 scrolls of fog {unknown}
 B - a scroll of random uselessness {unknown}
 H - a scroll of blinking {unknown}
Potions
 b - 2 potions of lignification
 g - 2 potions of heal wounds {unknown}
 k - 2 potions of curing
 l - a potion of flight {unknown}
 m - a potion of agility {unknown}
 o - 3 potions of haste {unknown}
 q - a potion of brilliance {unknown}
 z - a potion of magic {unknown}
 E - a potion of resistance {unknown}
Books
 c - a book of Maledictions

   Spells                             Type                      Level
   a - Corona                         Hexes                        1
   b - Ensorcelled Hibernation        Hexes/Ice                    2
   c - Confuse                        Hexes                        3
   d - Tukima's Dance                 Hexes                        3
   e - Dazzling Spray                 Conjuration/Hexes            3
 A - a book of Minor Magic

   Spells                             Type                      Level
   a - Magic Dart                     Conjuration                  1
   b - Blink                          Translocation                2
   c - Call Imp                       Summoning                    2
   d - Repel Missiles                 Charms/Air                   2
   e - Slow                           Hexes                        2
   f - Conjure Flame                  Conjuration/Fire             3
   g - Mephitic Cloud                 Conjuration/Poison/Air       3
Comestibles
 d - 3 bread rations
 x - 8 fruits


   Skills:
 + Level 6.3 Short Blades
 - Level 3.0 Dodging
 + Level 10.2 Stealth
 - Level 13.1 Spellcasting
 - Level 2.7 Conjurations
 - Level 8.1 Hexes


You had 28 spell levels left.
You knew the following spells:

 Your Spells              Type           Power        Failure   Level  Hunger
a - Corona                Hex            #####..      1%          1    None
b - Confuse               Hex            #####...     1%          3    None
c - Dazzling Spray        Conj/Hex       ####..       1%          3    None


Dungeon Overview and Level Annotations

Branches:
Dungeon (9/15)             Temple (1/1) D:6
   Lair: D:8-11         Orc: D:9-12

Altars:
Cheibriados
Fedhas
Gozag
Hepliaklqana
Kikubaaqudgha
Makhleb
Nemelex Xobeh
Okawaru
Qazlal
Ru
Sif Muna
Trog
Uskayaw
Vehumet
Xom
Yredelemnul
Zin
The Shining One

Shops:
D:5 (


Innate Abilities, Weirdness & Mutations

You are very small and have problems with some larger weapons.
You are too small for most types of armour.
You have supernaturally acute eyesight. (SInv)
You are a herbivore.
You cover ground extremely quickly.
You need consume almost no food.


Message History

You kill the orc wizard!
You closely miss the orc. The orc barely misses you.
You closely miss the orc. The orc closely misses you.
You closely miss the orc.
You feel sick. The hornet barely misses you.
You barely miss the hornet. The orc hits you with a club.
The hornet misses you.
You closely miss the hornet. The hornet stings you!
* * * LOW HITPOINT WARNING * * *
You feel yourself slow down.
You hit the hornet but do no damage.
The hornet is poisoned.
You feel yourself speed up. You block the orc's attack. The hornet misses you.
You hit the hornet.
The hornet is lightly wounded.
You feel sick. The hornet stings you!
* * * LOW HITPOINT WARNING * * *
You suddenly lose the ability to move!
The orc hits you with a club.
* * * LOW HITPOINT WARNING * * *
The hornet stings you!
You die...

# ####### # ##.....## #
#######...(...##
#######...†..[.y@....#
................o....###
#######.###............###
# #.# ##.........#.... #
#.# #............. #
##.####..........##
######...............######
........####..............#
..#####.####........)####.


You could see a hornet and an orc.

Vanquished Creatures
  The ghost of zeros the Digger, a novice DrEE of Qazlal (D:8)
  The ghost of hawthornbunny the Cutter, a novice HaGl of Ru (D:7)
  Pikel (D:5)
  Prince Ribbit (D:5)
  A hippogriff (D:9)
  Sigmund (D:3)
  Grum (D:9)
  Duvessa (D:4)
  2 water moccasins
  The ghost of Gitz the Cudgeler, an amateur TrBe of Trog (D:3)
  A slave (D:5)
  A sky beast (D:7)
  3 orc warriors
  3 black bears
  4 ogres
  A wolf (D:9)
  A centaur (D:7)
  A bullfrog (D:6)
  Blork the orc (D:4)
  A wyvern zombie (D:7)
  A water moccasin zombie (D:9)
  Dowan (D:4)
  2 scorpions
  6 killer bees (D:9)
  A howler monkey (D:6)
  2 crimson imps (D:5)
  A jelly (D:7)
  Crazy Yiuf (D:2)
  4 orc priests
  A bullfrog skeleton (D:5)
  4 hounds
  9 orc wizards
  Natasha (D:2)
  4 worker ants
  A hound skeleton (D:6)
  A worker ant zombie (D:6)
  14 adders
  8 gnolls
  An ooze (D:1)
  An adder zombie (D:7)
  2 worms
  11 dart slugs
  2 leopard geckos
  35 orcs
  4 giant cockroaches
  10 goblins
  10 hobgoblins
  5 jackals
  6 quokkas
  2 ball pythons
  9 bats
  3 frilled lizards
  13 kobolds
  A leopard gecko skeleton (D:5)
  3 quokka skeletons
  10 rats
218 creatures vanquished.

Vanquished Creatures (others)
  A worm (D:5)
1 creature vanquished.

Grand Total: 219 creatures vanquished

Notes
Turn   | Place    | Note
-------+----------+-------------------------------------------
     0 | D:1      | IcySystem the Spriggan Enchanter began the quest for the Orb.
     0 | D:1      | Reached XP level 1. HP: 9/9 MP: 5/5
   375 | D:1      | Reached skill level 5 in Stealth
   384 | D:1      | Reached XP level 2. HP: 13/13 MP: 6/6
   668 | D:1      | Reached XP level 3. HP: 13/16 MP: 8/8
  1030 | D:2      | Noticed Natasha
  1037 | D:1      | Learned a level 3 spell: Confuse
  1041 | D:1      | Learned a level 3 spell: Dazzling Spray
  2182 | D:2      | Reached XP level 4. HP: 12/21 MP: 9/9
  2848 | D:2      | Killed Natasha
  2988 | D:2      | Found a runed door.
  2992 | D:2      | Noticed Crazy Yiuf
  2996 | D:2      | Killed Crazy Yiuf
  2996 | D:2      | Reached XP level 5. HP: 24/24 MP: 10/10
  3421 | D:3      | Noticed Sigmund
  3432 | D:3      | Killed Sigmund
  3432 | D:3      | Reached XP level 6. HP: 28/28 MP: 7/11
  4565 | D:3      | Noticed Gitz's ghost (amateur TrBe)
  4912 | D:3      | Killed Gitz's ghost
  4912 | D:3      | Reached skill level 5 in Short Blades
  5460 | D:3      | Found a faded altar of an unknown god.
  5460 | D:3      | Found a faded altar of an unknown god.
  5467 | D:3      | Found a faded altar of an unknown god.
  5469 | D:3      | Found a faded altar of an unknown god.
  5470 | D:3      | Found a radiant altar of Vehumet.
  5651 | D:4      | Reached XP level 7. HP: 32/32 MP: 12/12
  5654 | D:4      | Noticed Duvessa
  5654 | D:4      | Noticed Dowan
  6750 | D:5      | Entered Level 5 of the Dungeon
  7049 | D:3      | Found a glowing silver altar of Zin.
  7081 | D:4      | Killed Dowan
  7081 | D:4      | Reached skill level 3 in Spellcasting
  7122 | D:4      | Killed Duvessa
  7490 | D:4      | Noticed Blork the orc
  7971 | D:4      | Reached skill level 1 in Conjurations
  8035 | D:4      | Reached skill level 4 in Spellcasting
  8035 | D:4      | Reached skill level 5 in Hexes
  8151 | D:4      | Killed Blork the orc
  8562 | D:4      | Reached XP level 8. HP: 36/36 MP: 14/16
  8697 | D:4      | Reached skill level 5 in Spellcasting
  8925 | D:5      | Found Vismaa's Antique Weapon Emporium.
  9487 | D:5      | Noticed Prince Ribbit
  9912 | D:5      | Killed Prince Ribbit
  9912 | D:5      | Reached skill level 6 in Spellcasting
 10103 | D:5      | Found a deep blue altar of Sif Muna.
 10104 | D:5      | Noticed Pikel
 10133 | D:5      | Killed Pikel
 10133 | D:5      | Reached skill level 7 in Spellcasting
 10133 | D:5      | Reached XP level 9. HP: 36/39 MP: 7/20
 10288 | D:5      | Found a hazy altar of Hepliaklqana.
 10495 | D:5      | Found a burning altar of Makhleb.
 10629 | D:6      | Found a staircase to the Ecumenical Temple.
 10639 | Temple   | Entered the Ecumenical Temple
 10989 | D:6      | Reached skill level 8 in Spellcasting
 11098 | D:6      | Found an iron altar of Okawaru.
 11389 | D:6      | Found a glowing golden altar of the Shining One.
 11431 | D:7      | Reached skill level 9 in Spellcasting
 11436 | D:7      | Found a sparkling altar of Nemelex Xobeh.
 11766 | D:7      | HP: 1/39 [centaur (4)]
 11783 | D:7      | You fall through a shaft for 2 floors!
 11784 | D:9      | Reached skill level 10 in Spellcasting
 12071 | D:9      | Found a stormy altar of Qazlal.
 12395 | D:9      | HP: 1/39 [killer bee (9)]
 12400 | D:9      | Reached skill level 11 in Spellcasting
 12652 | D:9      | Noticed Grum
 12668 | D:9      | Killed Grum
 12725 | D:8      | HP: 1/39 [poisoned by a water moccasin]
 13068 | D:8      | Noticed zeros's ghost (novice DrEE)
 13092 | D:8      | Killed zeros's ghost
 13092 | D:8      | Reached skill level 12 in Spellcasting
 13092 | D:8      | Reached XP level 10. HP: 36/44 MP: 21/27
 13159 | D:8      | Found a burning altar of Makhleb.
 13173 | D:8      | Found a snail-covered altar of Cheibriados.
 13925 | D:7      | Noticed hawthornbunny's ghost (novice HaGl)
 14385 | D:7      | Killed hawthornbunny's ghost
 14385 | D:7      | Reached skill level 13 in Spellcasting
 14488 | D:7      | Got a transparent robe
 14499 | D:7      | Identified the +0 robe of the Orb Guardian {MR++ Str+2 Slay+3} (You found it on level 7 of the Dungeon)
 14835 | D:7      | Reached skill level 10 in Stealth
 15177 | D:7      | Paralysed by a hornet for 1 turns
 15177 | D:7      | HP: 1/44 [orc/club (3)]
 15177 | D:7      | Mangled by a hornet

Skill      XL: |  1  2  3  4  5  6  7  8  9 10 |
---------------+-------------------------------+-----
Stealth        | 5 6 7 8 9 10 | 10.2
Short Blades   | 2 3 4 5 6 |  6.3
Spellcasting   | 4 7 12 13 | 13.1
Hexes          | 5 7 8 |  8.1
Conjurations   | 1 2 |  2.7
Dodging        | |  3.0

Action                   |  1- 3 |  4- 6 |  7- 9 | 10-12 || total
-------------------------+-------+-------+-------+-------++-------
Melee: Dagger            |   202 |   298 |   540 |   155 ||  1195
 Cast: Confuse           |       |     8 |    46 |     9 ||    63
  Use: Potion            |       |       |     3 |       ||     3
       Scroll            |       |       |       |     2 ||     2
 Stab: Sleeping          |    16 |     7 |    14 |     7 ||    44
       Distracted        |     3 |     3 |     2 |     1 ||     9
       Confused          |       |     6 |    18 |     2 ||    26
  Eat: Bread ration      |       |     1 |     1 |     1 ||     3
       Royal jelly       |       |       |     1 |       ||     1
Armor: Robe              |    19 |    18 |    28 |     8 ||    73
Dodge: Dodged            |   172 |   179 |   286 |    76 ||   713
Block: Other             |       |       |    70 |    33 ||   103
       Reflection        |       |       |     3 |     4 ||     7
